 Dungeon Crawl Stone Soup version 0.31-b1-18-g61460d1e46 (webtiles) character file.

Game seed: 12038373278975130491

186 Sobieck the Trooper (level 5, -5/91 HPs)
             Began as an Oni Berserker on Jan 16, 2024.
             Was a Priest of Trog.
             Splashed by a jelly's acid (10 damage)
             ... on level 5 of the Dungeon.
             The game lasted 00:04:21 (3095 turns).

Sobieck the Trooper (Oni Berserker)                 Turns: 3095, Time: 00:04:22

Health: -5/91      AC: -6    Str: 23    XL:     5   Next: 66%
Magic:  5/5        EV: 10    Int:  8    God:    Trog [***...]
Gold:   239        SH:  0    Dex:  8    Spells: 4/4 levels left

rFire   . . .        a - +1 mace
rCold   + . .        (no shield)
rNeg    . . .        n - +0 animal skin
rPois   .            (helmet restricted)
rElec   .            u - +2 cloak
rCorr   .            (gloves unavailable)
SInv    .            (boots unavailable)
Will    .....        (no amulet) Stlth
                     c - ring of protection from cold
HPRegen 0.35/turn    (no ring)
MPRegen 0.09/turn

%: no passive effects
@: berserking, corroded, very quick
A: large, unfitting armour, horns 1, tough skin 1, double potion healing,
drunken brawling
a: Renounce Religion, Berserk, Trog's Hand


You were on level 5 of the Dungeon.
You worshipped Trog.
Trog was most pleased with you.
You visited 1 branch of the dungeon, and saw 5 of its levels.

You collected 239 gold pieces.

Inventory:

Hand Weapons
 a - a +1 mace (weapon)
Missiles
 j - 31 stones (quivered)
 k - 5 poisoned darts
 t - 3 boomerangs
Armour
 n - a +0 animal skin (worn)
 u - a +2 cloak (worn)
Jewellery
 c - a ring of protection from cold (left hand)
Wands
 p - a wand of polymorph (5)
Scrolls
 b - a scroll of blinking
 d - 2 scrolls of silence
 f - a scroll of identify {unknown}
 g - 2 scrolls of vulnerability
 m - a scroll of fear
 q - 2 scrolls of enchant weapon
 r - a scroll of fog {unknown}
 y - a scroll of immolation
 T - 4 scrolls of teleportation
Potions
 e - a potion of haste {unknown}
 h - 2 potions of might {unknown}
 i - 2 potions of degeneration {unknown}
 l - 2 potions of attraction {unknown}
 o - 2 potions of enlightenment {unknown}
 s - 2 potions of mutation {unknown}
 v - a potion of ambrosia {unknown}
 w - a potion of resistance {unknown}
 x - a potion of curing {unknown}


   Skills:
 + Level 6.4 Fighting
 + Level 4.8 Maces & Flails
 - Level 2.6 Dodging


You had 4 spell levels left.
You didn't know any spells.
Your spell library was empty.

Dungeon Overview and Level Annotations

Branches:
Dungeon (5/15)             Temple (0/1) D:4

Altars:
Elyvilon
Wu Jian


Innate Abilities, Weirdness & Mutations

You are too large for most types of armour.
You have a pair of small horns on your head.
You have tough skin. (AC +1)
You gain doubled healing and magic from potions.
Whenever you drink a healing potion, you attack all around you.


Message History

Danger!
You thump the gnoll!
The gnoll is heavily wounded.
The gnoll hits you with a +0 club.
You hear a distant slurping noise.
You sock the gnoll!
You kill the gnoll!
Trog accepts your kill.
You hear a distant slurping noise.
No target in view!
HP restored.
A jelly comes into view.
Found 17 gold pieces.
The jelly quivers.
You hit the jelly. The acid corrodes you!
Your hands burn!
The jelly is lightly wounded.
The jelly hits you.
You are splashed with acid!
You hit the jelly.
Your hands burn!
The jelly is lightly wounded.
The jelly barely misses you.
You hit the jelly.
Your hands burn!
You headbutt the jelly.
The jelly is heavily wounded.
The jelly barely misses you.
You hit the jelly.
Your hands burn!
The jelly is heavily wounded.
The jelly hits you.
You are splashed with acid!
You are too injured to fight recklessly!
You are too injured to fight recklessly!
Unknown command.
You hit the jelly but do no damage.
Your hands burn!
The jelly is heavily wounded.
The jelly hits you but does no damage. The jelly closely misses you.
You hit the jelly. The acid corrodes you!
Your hands burn!
You headbutt the jelly.
The jelly is severely wounded.
The jelly barely misses you.
You hit the jelly but do no damage.
Your hands burn!
* * * LOW HITPOINT WARNING * * *
You headbutt the jelly.
The jelly is severely wounded.
The jelly hits you.
* * * LOW HITPOINT WARNING * * *
The acid corrodes you!
You are splashed with acid!
* * * LOW HITPOINT WARNING * * *
Unknown command.
A red film seems to cover your vision as you go berserk!
You feel yourself moving faster!
You feel mighty! The jelly hits you.
* * * LOW HITPOINT WARNING * * *
You are splashed with acid!
You die...

... ###..#######...
# .#.............
#. ..............
#.. .........#...#
#... #.......#...#
#.... #.......#...#
#.....#.......#...#
#$....J@.......<..#
#....###.#........#
#............##...#
###......#........#
#.######........# #
#.####...# #)#
#....# #+######.#
#..#.. .........# .
.


You could see a jelly.

Vanquished Creatures
  Jessica (D:2)
  5 adders
  A gnoll (D:5)
  2 dart slugs (D:4)
  4 ribbon worms
  12 orcs
  4 ball pythons
  2 bats (D:1)
  4 endoplasms
  2 giant cockroaches (D:3)
  4 goblins
  8 hobgoblins
  3 jackals (D:1)
  4 kobolds
  8 quokkas
  4 frilled lizards
  4 rats
72 creatures vanquished.

Notes
Turn   | Place    | Note
-------+----------+-------------------------------------------
     0 | D:1      | Sobieck the Oni Berserker began the quest for the Orb.
     0 | D:1      | Reached XP level 1. HP: 24/24 MP: 1/1
   224 | D:1      | Reached XP level 2. HP: 33/33 MP: 2/2
   818 | D:2      | Reached XP level 3. HP: 39/41 MP: 3/3
   874 | D:2      | Reached skill level 5 in Fighting
   953 | D:2      | Reached ** piety under Trog
  1002 | D:2      | Found a white marble altar of Elyvilon.
  1032 | D:2      | Noticed Jessica
  1050 | D:2      | Killed Jessica
  1051 | D:2      | Reached XP level 4. HP: 39/50 MP: 4/4
  1783 | D:3      | Reached XP level 5. HP: 56/59 MP: 5/5
  2068 | D:3      | Reached skill level 6 in Fighting
  2403 | D:4      | Reached *** piety under Trog
  2493 | D:4      | Found a staircase to the Ecumenical Temple.
  2524 | D:4      | Found an ornate altar of the Wu Jian Council.
  3051 | D:5      | Entered Level 5 of the Dungeon
  3095 | D:5      | Splashed by a jelly's acid

Illustrated notes

Levels and vault maps discovered:
D:1:      psy_arrival_basics, layout_basic, chequers_serial_rivers_micro_b,
          chequers_serial_rivers_micro_d, minmay_strange_pillars
D:2:      layout_basic, basic_altar, serial_corexii_hall,
          corexii_hall_statues_u, corexii_hall_statues_i, uniq_jessica
D:3:      layout_rooms, minmay_box_of_dots
D:4:      layout_loops_ring, nzn_wu_jian_council_hall, minmay_temple_entry_grid
D:5:      layout_basic, gammafunk_temple_overflow_wave, tso_altar, uniq_pikel,
          uniq_sigmund

Skill      XL: |  1  2  3  4  5 |
---------------+----------------+-----
Fighting       | 5 6 |  6.4
Maces & Flails | 4 |  4.8
Dodging        | |  2.6

Action                     |  1- 3 |  4- 6 || total
---------------------------+-------+-------++-------
  Melee: Mace              |    63 |   123 ||   186
         Headbutt          |     9 |    22 ||    31
 Invoke: Berserk           |       |     1 ||     1
    Use: Scroll            |       |    11 ||    11
 Armour: Animal skin       |    37 |    92 ||   129
  Dodge: Dodged            |    35 |    55 ||    90
